AoeStats
← BogeyXXS

Arena

509596152Analyzed
1v1 RM · 6d ago on Sep 27, 2026· 72m 32s· 2 players
Game mode
Random Map
Map size
Tiny (2 player)
Population
200
Speed
Normal
Resources
Standard
Victory
Conquest
Starting age
Dark Age
Ending age
Imperial Age
RankedLock teamsTeams togetherTeam positionsShared explorationLock speedFull tech treeHidden civsTurbo modeCheats
Victory
Defeat
🇭🇰 Bengalis · Hong Kong SAR China
695
+19
🇪🇸 Bohemians · Spain
765
-19
o()o
9:40 Feudal Age
13:38 Castle Age
12:31 Double-Bit Axe
13:05 Horse Collar
20:11 Heavy Plow
21:17 Bow Saw
21:39 Loom
22:30 Wheelbarrow
22:44 Stone Mining
25:42 Hand Cart
25:12 Town Watch
25:38 Gold Mining
27:22 Fletching
27:57 Ballistics
27:33 Murder Holes
27:47 Padded Archer Armor
27:59 Masonry
28:00 Fortified Wall
28:41 Gold Shaft Mining
29:15 Bloodlines
29:06 Husbandry
29:10 Bodkin Arrow
29:31 Leather Archer Armor
29:33 Town Patrol
32:26 Paiks
33:02 Coinage
35:37 Herbal Medicine
36:40 Redemption
36:52 Sanctity
36:36 Devotion
BogeyXXS
2:44 Loom
10:00 Feudal Age
10:30 Double-Bit Axe
11:03 Horse Collar
13:04 Wheelbarrow
19:57 Castle Age
20:42 Forging
22:03 Squires
24:25 Pikeman
27:02 Fletching
29:00 Fervor
29:14 Devotion
29:29 Wagenburg Tactics
31:11 Scale Mail Armor
32:26 Husbandry
35:40 Imperial Age
35:36 Chemistry
34:57 Ballistics
36:10 Houfnice
37:42 Conscription
37:58 Siege Engineers
37:34 Halberdier
40:00 Iron Casting
42:11 Blast Furnace
46:23 Chain Mail Armor
54:23 Masonry
60:39 Town Watch
61:42 Hussite Reforms
64:09 Redemption
68:50 Faith
69:52 Sanctity
69:58 Illumination
Connection lost

Rejoining the realm…

Still unreachable

The connection could not be restored.

Session expired

The server has moved on; the page needs a fresh start.